 Dungeon Crawl Stone Soup version 0.23-a0-636-g0ff6057 (webtiles) character file.

3523 galech the Cleaver (level 9, -3/69 HPs)
             Began as a Demonspawn Fighter on Dec 28, 2018.
             Slain by an orc warrior
             ... wielding the +9 war axe of Forgiveness {antimagic, rPois Str+5}
              (22 damage)
             ... on level 7 of the Dungeon.
             The game lasted 00:08:29 (5932 turns).

galech the Cleaver (Demonspawn Fighter)             Turns: 5932, Time: 00:08:31

Health: -3/69      AC: 14    Str: 16      XL:     9   Next: 81%
Magic:  0/9        EV: 11    Int: 14      God:
Gold:   30         SH: 10    Dex: 18 (20) Spells: 8/8 levels left

rFire    . . .     SeeInvis .   a - +0 war axe
rCold    . . .     Gourm    .   c - +0 shield
rNeg     + + .     Faith    .   A - +3 leather armour {rN+}
rPois    .         Spirit   .   (helmet restricted)
rElec    .         Reflect  .   q - +2 cloak
rCorr    .         Harm     .   u - +0 pair of gloves
MR       .....                  (no boots)
Stlth    +++.......             y - amulet of rage
HPRegen  0.21/turn              x - +3 ring of protection
MPRegen  0.11/turn              F - ring "Ahuoreem" {rN+ Int+4 Dex+4 Stlth+}

@: no status effects
A: horns 2, foul stench 1, rot immunity
a: Evoke Berserk Rage


You were on level 7 of the Dungeon.
You were not hungry.

You visited 1 branch of the dungeon, and saw 7 of its levels.

You collected 260 gold pieces.
You spent 230 gold pieces at shops.

Inventory:

Hand Weapons
 a - a +0 war axe (weapon)
Armour
 c - a +0 shield (worn)
 j - a +0 chain mail
 o - a +1 robe of fire resistance
 q - a +2 cloak (worn)
 r - a scarf of cloud immunity
 u - a +0 pair of gloves (worn)
 A - a +3 leather armour of positive energy (worn)
Jewellery
 g - an uncursed ring of positive energy {unknown}
 x - a +3 ring of protection (left hand)
 y - an amulet of rage (around neck)
 D - an uncursed ring of fire
 F - the ring "Ahuoreem" (right hand) {rN+ Int+4 Dex+4 Stlth+}
   (You found it on level 6 of the Dungeon)

   [ring of positive energy]

   It affects your intelligence (+4).
   It affects your dexterity (+4).
   It protects you from negative energy.
   It makes you more stealthy.
Wands
 s - a wand of paralysis (13)
 w - a wand of digging (8)
 C - a wand of flame (41)
Scrolls
 e - a scroll of fog
 h - 3 scrolls of teleportation
 i - 2 scrolls of brand weapon
 l - 2 scrolls of noise
 m - 2 scrolls of enchant weapon
 n - 4 scrolls of enchant armour
 E - a scroll of immolation
Potions
 b - 3 potions of haste
 d - a potion of flight
 k - 3 potions of curing
 p - a potion of heal wounds {unknown}
 v - a potion of agility
 B - 2 potions of degeneration
Comestibles
 f - 13 rations
 t - 6 chunks of flesh


   Skills:
 + Level 6.3 Fighting
 + Level 9.2 Axes
 + Level 5.2 Armour
 + Level 3.1 Dodging
 + Level 0.8 Stealth
 + Level 5.6 Shields
 + Level 0.6 Evocations


You had 8 spell levels left.
You didn't know any spells.
Your spell library contained the following spells:

 Spells                   Type           Power        Failure   Level  Hunger
 Animate Skeleton         Necr           N/A          75%         1    ##.....
 Pain                     Necr           #...         75%         1    ##.....
 Regeneration             Chrm/Necr      #.........   98%         3    ####...
 Vampiric Draining        Necr           #.........   98%         3    ####...
 Animate Dead             Necr           N/A          100%        4    #####..


Dungeon Overview and Level Annotations

Branches:
Dungeon (7/15)
 Temple: D:4-7

Altars:
Cheibriados
Trog
Zin
The Shining One

Shops:
D:7 ?


Innate Abilities, Weirdness & Mutations

You have a pair of horns on your head.
You may emit foul miasma when damaged in melee.
You are immune to rotting.


Message History

You headbutt the orc warrior, but do no damage.
The orc warrior is moderately wounded.
You block the orc warrior's attack.
You hit the orc warrior.
The orc warrior is heavily wounded.
The orc warrior closely misses you.
You closely miss the orc warrior. You headbutt the orc warrior.
The orc warrior is heavily wounded.
You barely miss the orc warrior.
The orc warrior is heavily wounded.
The orc warrior hits you with the +9 war axe of Forgiveness {antimagic, rPois
* * * LOW HITPOINT WARNING * * *
You feel your power leaking away.
You slash the orc warrior!
The orc warrior is almost dead.
You hit the quokka but do no damage.
The quokka bites you but does no damage.
The quokka looks sick.
The orc warrior hits you with the +9 war axe of Forgiveness {antimagic, rPois You die...

###.##............#
#......)...)<(#
#>#)##.##.###(#
#.......# #(#
####.#### #(# #.#
#.# #)# ###.# #∩#
#.)(# # #.#
#.#@##..#
###.####.r)oZ.....
#.....##..###'###.
##.##..#..## ..
#........## ..#
.....###'#### ##
..##. #..# . #
###Z.## #..#..+


You could see an orc warrior, a quokka zombie and a quokka.

Vanquished Creatures
  A hippogriff (D:6)
  Grinder (D:5)
  Sigmund (D:2)
  Eustachio (D:5)
  A yak (D:7)
  A water moccasin (D:6)
  An orc warrior (D:7)
  2 ice beasts (D:5)
  2 phantoms
  6 ogres
  2 centaurs
  6 big kobolds
  3 bullfrogs
  2 scorpions
  A killer bee (D:7)
  2 crimson imps
  A quasit (D:7)
  A hound (D:6)
  A jelly (D:6)
  4 orc wizards
  A bullfrog skeleton (D:7)
  Jessica (D:2)
  An iguana (D:4)
  5 worker ants
  A hound zombie (D:5)
  A hound skeleton (D:5)
  3 adders
  7 gnolls (D:4)
  2 shadow imps (D:5)
  An adder skeleton (D:7)
  A worm (D:4)
  6 dart slugs
  A leopard gecko (D:1)
  19 orcs
  8 giant cockroaches
  4 goblins
  7 hobgoblins
  5 jackals
  5 bats
  4 frilled lizards
  34 kobolds
  A leopard gecko skeleton (D:6)
  3 quokka skeletons
  A quokka zombie (D:5)
  12 rats
174 creatures vanquished.

Notes
Turn   | Place    | Note
-------+----------+-------------------------------------------
     0 | D:1      | galech the Demonspawn Fighter began the quest for the Orb.
     0 | D:1      | Reached XP level 1. HP: 18/18 MP: 1/1
    67 | D:1      | Reached skill level 2 in Axes
    67 | D:1      | Gained mutation: You are immune to rotting. [demonic
                  | ancestry]
    67 | D:1      | Reached XP level 2. HP: 24/24 MP: 2/2
   171 | D:1      | Gained mutation: You have a pair of small horns on your
                  | head. [demonic ancestry]
   171 | D:1      | Reached XP level 3. HP: 20/29 MP: 3/3
   514 | D:2      | Found a bloodstained altar of Trog.
   547 | D:2      | Found a glowing silver altar of Zin.
   679 | D:2      | Noticed Jessica
   685 | D:2      | Killed Jessica
   685 | D:2      | Gained mutation: You have a pair of horns on your head.
                  | [demonic ancestry]
   685 | D:2      | Reached XP level 4. HP: 34/35 MP: 4/4
   753 | D:2      | Noticed Sigmund
   762 | D:2      | Killed Sigmund
   762 | D:2      | Reached skill level 3 in Axes
   762 | D:2      | Reached skill level 1 in Dodging
   762 | D:2      | Gained mutation: You may emit foul miasma when damaged in
                  | melee. [demonic ancestry]
   762 | D:2      | Reached XP level 5. HP: 31/42 MP: 5/5
   999 | D:3      | Reached skill level 4 in Axes
  1684 | D:3      | Found a snail-covered altar of Cheibriados.
  1817 | D:3      | Reached XP level 6. HP: 46/48 MP: 6/6
  2374 | D:4      | Reached XP level 7. HP: 47/55 MP: 7/7
  2601 | D:4      | Reached skill level 5 in Axes
  3127 | D:4      | Reached skill level 6 in Axes
  3127 | D:4      | Reached XP level 8. HP: 40/61 MP: 8/8
  3576 | D:5      | Entered Level 5 of the Dungeon
  3763 | D:5      | Reached skill level 5 in Fighting
  3962 | D:5      | Noticed Grinder
  3980 | D:5      | Killed Grinder
  3980 | D:5      | Reached skill level 7 in Axes
  4547 | D:5      | Noticed Eustachio
  4557 | D:5      | Killed Eustachio
  4709 | D:6      | Reached XP level 9. HP: 60/69 MP: 9/9
  4814 | D:6      | Reached skill level 8 in Axes
  4814 | D:6      | Reached skill level 5 in Shields
  5053 | D:6      | Found a glowing golden altar of the Shining One.
  5084 | D:6      | Got a brightly glowing jade ring
  5086 | D:6      | Identified the ring "Ahuoreem" {rN+ Int+4 Dex+4 Stlth+}
                  | (You found it on level 6 of the Dungeon)
  5185 | D:6      | Reached skill level 5 in Armour
  5412 | D:7      | Found Sogyutos's Magic Scroll Shop.
  5519 | D:7      | Bought a scroll of enchant armour for 82 gold pieces
  5519 | D:7      | Bought a scroll of identify for 22 gold pieces
  5519 | D:7      | Bought a scroll of identify for 22 gold pieces
  5519 | D:7      | Bought a scroll of identify for 22 gold pieces
  5519 | D:7      | Bought a scroll of enchant weapon for 82 gold pieces
  5654 | D:7      | Reached skill level 9 in Axes
  5654 | D:7      | Identified the +9 war axe of Forgiveness {antimagic, rPois
                  | Str+5}
  5907 | D:7      | Identified the +4 dagger of Saltpetre {freeze, rElec rF+}
  5907 | D:7      | Identified the ring of Attitude {*Tele rN+ MR- Dex+4}
  5932 | D:7      | Slain by an orc warrior

Vault maps used:
D:1:      shiori_arrival_maze
D:2:      nicolae_overflow_crystal_walls, overflow_temple_1_default,
          kennysheep_generic_room_16, uniq_sigmund, uniq_jessica
D:3:      nicolae_overflow_hidden_temple, grunt_ministairs_14,
          minmay_misc_feat_nine_boxes, bh_walls_and_bars
D:4:      minmay_goblin_kobold_castle, first_ration, serial_co_window_serial,
          co_window_of_opportunity_a, co_window_corner_a, co_window_paths_a,
          co_window_paths_b, co_window_paths_b, co_window_corner_b,
          co_window_broadway_c, co_window_broadway_c, co_window_broadway_a
D:5:      uniq_eustachio, uniq_grinder
D:6:      tso_metal_star
D:7:      minmay_the_grid_octo_tiled_squarecenter, minmay_temple_entry_slanted,
          serial_shops, shop

Skill      XL: |  1  2  3  4  5  6  7  8  9 |
---------------+----------------------------+-----
Axes           | 2 3 4 6 7 9 |  9.2
Shields        | 3 4 5 |  5.6
Armour         | 3 4 5 |  5.2
Dodging        | 1 2 3 |  3.1
Fighting       | 4 5 6 |  6.3
Stealth        | |  0.8
Evocations     | |  0.6

Action                   |  1- 3 |  4- 6 |  7- 9 || total
-------------------------+-------+-------+-------++-------
Melee: War axe           |    90 |    96 |   367 ||   553
       Headbutt          |     7 |    19 |    85 ||   111
 Abil: Evoke Berserk Rag |       |       |     1 ||     1
  Use: Potion            |       |     1 |       ||     1
       Scroll            |       |       |    15 ||    15
 Stab: Sleeping          |       |       |     2 ||     2
  Eat: Chunk             |       |     5 |    13 ||    18
Armor: Scale mail        |    44 |       |       ||    44
       Chain mail        |    15 |    63 |   101 ||   179
       Leather armour    |       |       |    74 ||    74
Dodge: Dodged            |    23 |    20 |   110 ||   153
Block: Shield            |    47 |    49 |   197 ||   293

Table legend:
 A = Non-vault XP
 B = Vault XP
 C = Vault XP percentage of total XP
 D = Non-vault monster count
 E = Vault monster count
 F = Vault count percentage of total count
                 A         B        C        D         E       F
            +---------+---------+-------+---------+---------+-------
      Total |    2638 |    2395 |  47.6 |     116 |      58 |  33.3
            +---------+---------+-------+---------+---------+-------
        D:1 |      57 |       2 |   3.4 |      32 |       2 |   5.9
        D:2 |      22 |     272 |  92.5 |      14 |       4 |  22.2
        D:3 |      18 |      10 |  35.7 |       4 |       4 |  50.0
        D:4 |     578 |     586 |  50.3 |      28 |      33 |  54.1
        D:5 |     652 |     478 |  42.3 |      17 |       2 |  10.5
        D:6 |     993 |      93 |   8.6 |      13 |       1 |   7.1
        D:7 |     318 |     954 |  75.0 |       8 |      12 |  60.0
            +---------+---------+-------+---------+---------+-------
